 Dungeon Crawl Stone Soup version 0.16.0-6-gad6103a (webtiles) character file.

120897 shadizar the Peltast (level 16, 0/147 HPs)
             Began as a Minotaur Fighter on Mar 14, 2015.
             Was a High Priest of Okawaru.
             Slain by a catoblepas (4 damage)
             ... led by Polyphemus
             ... on level 3 of the Shoals on Mar 15, 2015.
             The game lasted 02:30:07 (28579 turns).

shadizar the Peltast (Minotaur Fighter)            Turns: 28579, Time: 02:30:07

Health: 0/147      AC: 24    Str: 35    XL:     16   Next: 31%
Magic:  6/6        EV:  2    Int:  2    God:    Okawaru [*****.]
Gold:   1732       SH:  0    Dex: 15    Spells: 0 memorised, 15 levels left

rFire  + . .     SeeInvis +     O - +7 long sword of the Shark {vamp, Str+5}
rCold  + . .     Clarity  .     W - +2 chain mail {MR+}
rNeg   + + +     SustAb   .     f - +2 shield {rC+}
rPois  ∞         Gourm    .     A - +2 hat {SInv}
rElec  +         Spirit   .     y - +2 cloak {+Inv}
rCorr  .         Warding  .     V - +2 pair of gloves {Str+3}
rMut   .         Stasis   +     q - +2 pair of boots {rF+}
MR     +++..                    H - amulet of stasis
Stlth  ..........               e - ring "Unyps" {+Inv rElec MR+ Str+4 Int-3 Stlth+}
                                E - ring of flight

@: confused, petrified, extremely resistant to hostile enchantments, extremely
unstealthy
A: retaliatory headbutt, horns 2, deformed body
a: Heroism, Finesse, Renounce Religion, Evoke Invisibility, Evoke Flight


You were on level 3 of the Shoals.
You worshipped Okawaru.
Okawaru was extremely pleased with you.
You were not hungry.

You visited 5 branches of the dungeon, and saw 31 of its levels.
You visited the Abyss 1 time.
You also visited: Ice Cave and Volcano.

You collected 2762 gold pieces.
You spent 1030 gold pieces at shops.

Inventory:

Hand weapons
 h - the +4 war axe "Leviticus" {venom, -Cast rElec rN+ MP+9 Int+6}
   (Okawaru gifted it to you on level 13 of the Dungeon)

   It poisons the flesh of those it strikes.
   It affects your intelligence (+6).
   It insulates you from electricity.
   It protects you from negative energy.
   It affects your magic capacity (+9).
   It prevents spellcasting.
 p - the +9 trident of Earthquakes {vamp, Dex+6}
   (Okawaru gifted it to you on level 3 of the Lair of Beasts)

   It inflicts no extra harm, but heals its wielder somewhat when it strikes a
   living foe.
   It affects your dexterity (+6).
 s - a +2 broad axe of chopping
 G - the +6 arbalest "Hellfire" {hellfire, rF++ rC- MR+}
   (You found it on level 8 of the Lair of Beasts)

   It greatly protects you from fire.
   It makes you vulnerable to cold.
   It affects your resistance to hostile enchantments.
 O - the +7 long sword of the Shark (weapon) {vamp, Str+5}
   (You found it on level 3 of the Lair of Beasts)

   It inflicts no extra harm, but heals its wielder somewhat when it strikes a
   living foe.
   It affects your strength (+5).
 P - a cursed +0 war axe
Armour
 f - a +2 shield of cold resistance (worn)
 q - a +2 pair of boots of fire resistance (worn)
 y - a +2 cloak of invisibility (worn)
 A - a +2 hat of see invisible (worn)
 T - the +0 pair of boots of Fedhas' Envy {+Inv rElec rF- MP+9}
   (You found it on level 1 of the Shoals)

   It makes you vulnerable to fire.
   It insulates you from electricity.
   It affects your magic capacity (+9).
   It lets you turn invisible.
 V - a +2 pair of gloves of strength (worn)
 W - a +2 chain mail of magic resistance (worn)
Jewellery
 e - the ring "Unyps" (right hand) {+Inv rElec MR+ Str+4 Int-3 Stlth+}
   (You bought it in a shop on level 13 of the Dungeon)

   [ring of strength]

   It affects your strength (+4).
   It affects your intelligence (-3).
   It insulates you from electricity.
   It affects your resistance to hostile enchantments.
   It lets you turn invisible.
   It makes you more stealthy.
 l - an uncursed ring of protection from cold
 o - an uncursed amulet of faith {unknown}
 w - a +4 ring of slaying
 D - a +4 ring of protection
 E - a ring of flight (left hand)
 H - an amulet of stasis (around neck)
 M - an uncursed amulet of rage
 S - the ring "Nyretuez" {SustAb rC- Str+6 Int+5 Stlth+}
   (You found it on level 8 of the Lair of Beasts)

   [ring of sustain abilities]

   It sustains your strength, intelligence and dexterity.
   It affects your strength (+6).
   It affects your intelligence (+5).
   It makes you vulnerable to cold.
   It makes you more stealthy.
 U - an uncursed ring of protection from cold
Magical devices
 a - a wand of cold (4)
 I - a wand of heal wounds (2)
 L - a wand of fire (10)
Scrolls
 g - a scroll of fog
 i - 8 scrolls of identify
 k - 6 scrolls of remove curse
 r - a scroll of enchant weapon
 t - 6 scrolls of magic mapping
 u - 4 scrolls of teleportation
 J - 2 scrolls of recharging
Potions
 b - 3 potions of might
 j - 3 potions of flight
 n - 8 potions of curing
 x - 2 potions of restore abilities
 B - 3 potions of invisibility
 Q - 3 potions of haste
 Y - 3 potions of berserk rage
 Z - 3 potions of cancellation
Books
 v - a Fen Folio

   Spells                             Type                      Level
   a - Corpse Rot                     Necromancy                   2
   b - Stone Arrow                    Conjuration/Earth            3
   c - Leda's Liquefaction            Hexes/Earth                  4
   d - Summon Forest                  Summoning/Translocation      5
   e - Hydra Form                     Transmutation                6
   f - Summon Hydra                   Summoning                    7
Miscellaneous
 z - a phial of floods
 F - a lantern of shadows
 R - a lantern of shadows
Comestibles
 c - 7 beef jerkies
 d - 14 bread rations
 K - 9 meat rations


   Skills:
 + Level 14.8 Fighting
 + Level 12.8 Long Blades
 + Level 14.6 Axes
 + Level 14.8 Armour
 + Level 13.3 Dodging
 + Level 15.1 Shields


You had 15 spell levels left.
You didn't know any spells.

Dungeon Overview and Level Annotations

Branches:
Dungeon (15/15)            Temple (1/1) D:7            Lair (8/8) D:8
 Shoals (3/5) Lair:4       Spider (0/5) Lair:6          Orc (4/4) D:9
    Elf (0/3) Orc:4        Vaults (0/5) D:13         Depths (0/5) D:15
  Slime: Lair:6-8

Altars:
Ashenzari
Cheibriados
Dithmenos
Elyvilon
Fedhas
Gozag
Kikubaaqudgha
Makhleb
Nemelex Xobeh
Okawaru
Qazlal
Ru
Sif Muna
Trog
Vehumet
Xom
Yredelemnul
Zin
The Shining One
Beogh

Shops:
D:6 *   D:8 *   D:13 ??}=   Orc:2 [   Orc:3 (   Orc:4 }}}*   Shoals:2 [

Portals:
Trove: D:13 (show slimy rune of Zot)

Annotations:
D:6 exclusion: statue
D:13 exclusion: ice statue
Lair:7 exclusion: 2 oklob plants
Shoals:3 Polyphemus


Innate Abilities, Weirdness & Mutations

You reflexively headbutt those who attack you in melee.
You have a pair of horns on your head.
Armour fits poorly on your strangely shaped body.


Message History

* * * LOW HITPOINT WARNING * * *
Polyphemus hits you!!
* * * LOW HITPOINT WARNING * * *
Polyphemus barely misses you.
Your limbs are stiffening.
You hit Polyphemus!
You feel better.
Your headbutt misses Polyphemus.
Polyphemus is lightly wounded.
You are engulfed in calcifying dust.
Your limbs have turned to stone.
The death yak barely misses you. The death yak gores you!
* * * LOW HITPOINT WARNING * * *
The catoblepas gores you but does no damage.
Polyphemus hits you!!
* * * LOW HITPOINT WARNING * * *
Polyphemus hits you!
* * * LOW HITPOINT WARNING * * *
You have turned to stone.
The death yak gores you.
* * * LOW HITPOINT WARNING * * *
The death yak gores you but does no damage.
The catoblepas gores you!
You die...

≈≈≈≈≈≈ ≈≈≈≈≈≈≈≈≈≈≈≈
≈≈≈≈≈≈≈≈≈≈≈≈≈≈
≈≈≈≈≈≈≈≈≈≈≈≈≈...
≈≈≈≈≈≈≈≈≈≈≈≈≈≈≈≈..≈
≈≈≈≈≈≈≈≈≈≈≈≈≈..≈≈...
≈≈≈≈≈≈≈≈..≈≈.≈..≈≈...
≈≈≈≈≈≈≈≈≈≈≈..≈≈.YY≈≈≈....
≈≈≈≈≈≈..≈≈≈§.≈(§@YS..#
≈≈≈≈≈...≈≈≈......C....#
≈..≈........(...........
≈≈≈.............≈......≈
≈≈..............≈≈...≈..
≈.......##.###..≈≈≈.≈≈≈
........######..≈...≈≈
.........###.≈≈.....≈
....##........≈.....≈


You could see Polyphemus, 2 death yaks, a catoblepas and a sea snake.

Vanquished Creatures
  Rupert (D:14)
  Frances (D:14)
  Maud (D:15)
  Gastronok (Lair:3)
  The ghost of Virusyak the Grappler, a powerful TrMo of Ru (Lair:3)
  An ettin (D:15)
  The ghost of MDvedh the Cleaver, a powerful MiAs of Trog (IceCv)
  A merfolk impaler (Shoals:2)
  5 vault guards (D:13)
  Fannar (D:15)
  8 hydras
  Harold (Orc:4)
  4 ogre magi
  3 centaur warriors
  Erica (D:13)
  A merfolk aquamancer (Shoals:2)
  2 merfolk avatars (Shoals:2)
  6 death yaks (Lair:8)
  Urug (D:10)
  A hell knight (D:15)
  Nergalle (Lair:2)
  5 skeletal warriors (D:12)
  2 deep trolls (Orc:4)
  A deep elf knight (Volcano)
  3 unseen horrors
  A large abomination (D:12)
  6 sea snakes
  A lindwurm (Lair:8)
  3 wizards (D:13)
  8 hill giants
  5 ugly things
  2 orc knights
  5 cyclopes
  4 manticores
  5 orc sorcerers
  9 fauns
  A wolf spider (Lair:6)
  A griffon (D:15)
  8 harpies (Shoals:1)
  2 water nymphs
  Maurice (Orc:4)
  3 black mambas
  7 elephants
  5 sirens
  A sixfirhy (Orc:4)
  11 spiny frogs
  A torpor snail (Lair:6)
  Psyche (Orc:3)
  2 molten gargoyles (Volcano)
  2 kobold demonologists
  3 fire drakes
  3 yaktaurs
  15 komodo dragons
  4 deep elf priests (Volcano)
  14 blink frogs
  15 merfolk
  Sonja (D:12)
  12 trolls
  2 wind drakes
  Grinder (D:3)
  11 freezing wraiths
  3 spectral orcs (Lair:2)
  8 two-headed ogres
  2 polar bears
  4 snapping turtles
  A spriggan (D:11)
  3 basilisks
  A flying skull (D:12)
  4 redbacks (D:14)
  5 water elementals (Shoals:2)
  2 deep elf magi
  2 fire bats (Volcano)
  A wyvern (Lair:7)
  A human (D:11)
  21 yaks
  A hungry ghost (D:8)
  A deep elf fighter (Volcano)
  11 hippogriffs
  A chaos spawn (D:12)
  A steam dragon (D:14)
  2 wargs
  2 mottled dragons
  15 water moccasins
  19 porcupines
  8 ice beasts
  23 orc warriors
  3 phantoms
  A wasp (D:13)
  An alligator simulacrum (IceCv)
  4 sky beasts
  3 black bears
  26 ogres
  A necrophage (D:11)
  8 centaurs
  13 crocodiles
  A big kobold (D:9)
  11 giant frogs
  Blork the orc (D:6)
  3 scorpions
  11 wights
  2 vampire bats (Lair:6)
  13 hounds
  2 giant frog zombies
  2 goliath beetles
  6 lava snakes (D:10)
  An iron imp (D:15)
  3 giant frog skeletons
  3 crimson imps
  A quasit (D:12)
  Crazy Yiuf (D:2)
  2 draconian simulacra (IceCv)
  7 iguanas
  22 orc priests
  2 jellies
  5 centaur zombies
  4 centaur skeletons
  A polar bear simulacrum (IceCv)
  34 orc wizards
  5 worker ants
  43 sheep
  2 wolf simulacra (IceCv)
  Ijyb (D:4)
  Jessica (D:2)
  2 hound zombies
  2 hound skeletons
  3 mummies
  3 naga simulacra (IceCv)
  3 worker ant zombies
  Robin (D:2)
  3 gnolls (D:10)
  19 adders
  3 shadow imps
  53 river rats
  4 ogre simulacra (IceCv)
  A worm (D:2)
  12 white imps (IceCv)
  2 adder skeletons
  5 giant geckos
  2 oozes (D:3)
  190 orcs
  23 hobgoblins
  6 jackals
  15 quokkas
  18 bats
  6 giant cockroaches
  7 giant newts
  29 goblins
  14 kobolds
  20 rats
  3 ballistomycetes (D:9)
  2 bushes (Lair:5)
  4 fungi
  3 plants
1080 creatures vanquished.

Vanquished Creatures (others)
  A drowned soul (Shoals:2)
  An adder (D:9)
  A giant spore (D:9)
  9 plants
12 creatures vanquished.

Grand Total: 1092 creatures vanquished

Notes
Turn   | Place    | Note
--------------------------------------------------------------
     0 | D:1      | shadizar, the Minotaur Fighter, began the quest for the Orb.
     0 | D:1      | Reached XP level 1. HP: 19/19 MP: 1/1
     1 | D:1      | Noticed an electric eel
   127 | D:1      | Reached XP level 2. HP: 20/27 MP: 1/1
   344 | D:1      | Reached skill level 4 in Fighting
   614 | D:2      | Reached XP level 3. HP: 33/33 MP: 2/2
   713 | D:2      | Noticed Robin
   726 | D:2      | Reached skill level 1 in Dodging
   750 | D:2      | Killed Robin
   809 | D:2      | Noticed Jessica
   814 | D:2      | Killed Jessica
   814 | D:2      | Reached XP level 4. HP: 40/40 MP: 2/2
  1104 | D:2      | Noticed Crazy Yiuf
  1112 | D:2      | Killed Crazy Yiuf
  1317 | D:3      | Noticed Grinder
  1322 | D:3      | Reached XP level 5. HP: 43/47 MP: 2/2
  1338 | D:3      | Paralysed by Grinder for 2 turns
  1345 | D:3      | Killed Grinder
  1345 | D:3      | Reached skill level 5 in Armour
  1345 | D:3      | Reached skill level 5 in Shields
  1345 | D:3      | Reached XP level 6. HP: 55/55 MP: 3/3
  1413 | D:3      | Reached skill level 5 in Fighting
  1589 | D:3      | Found a glowing silver altar of Zin.
  1590 | D:3      | Found a basalt altar of Yredelemnul.
  1632 | D:3      | Found a bloodstained altar of Trog.
  2054 | D:4      | Reached XP level 7. HP: 61/61 MP: 3/3
  2071 | D:4      | Noticed Ijyb
  2093 | D:4      | Killed Ijyb
  2729 | D:4      | Reached skill level 6 in Shields
  2731 | D:4      | Reached skill level 5 in Axes
  2903 | D:5      | Entered Level 5 of the Dungeon
  2982 | D:5      | Reached XP level 8. HP: 68/70 MP: 3/3
  3628 | D:6      | Found a radiant altar of Vehumet.
  3696 | D:6      | Noticed Blork the orc
  3703 | D:6      | Killed Blork the orc
  3925 | D:6      | Found a blossoming altar of Fedhas.
  3966 | D:6      | Found Frevu's Assorted Antiques.
  3969 | D:6      | Found a stormy altar of Qazlal.
  3985 | D:6      | Reached skill level 7 in Shields
  4086 | D:6      | Reached skill level 5 in Dodging
  4541 | D:7      | Found a staircase to the Ecumenical Temple.
  4566 | Temple   | Entered the Ecumenical Temple
  4618 | Temple   | Became a worshipper of Warmaster Okawaru
  4878 | D:7      | Found a sacrificial altar of Ru.
  5015 | D:7      | Found a shattered altar of Ashenzari.
  5114 | D:8      | Reached XP level 9. HP: 79/79 MP: 4/4
  5122 | D:8      | Found an opulent altar of Gozag.
  5126 | D:8      | Found a staircase to the Lair.
  5141 | D:8      | Found a sparkling altar of Nemelex Xobeh.
  5183 | D:8      | Found a white marble altar of Elyvilon.
  5186 | D:8      | Found a shimmering altar of Xom.
  5218 | D:8      | Found Ghaf's Assorted Antiques.
  5283 | D:8      | Acquired Okawaru's first power
  5326 | D:8      | Killed an unseen horror
  5326 | D:8      | Reached skill level 8 in Armour
  5889 | D:9      | Found a roughly hewn altar of Beogh.
  5889 | D:9      | Found a staircase to the Orcish Mines.
  5925 | D:9      | Reached XP level 10. HP: 46/90 MP: 4/4
  6473 | D:10     | Entered Level 10 of the Dungeon
  6518 | D:10     | Reached skill level 9 in Shields
  6875 | D:11     | Noticed a cyclops
  6887 | D:11     | Killed a cyclops
  7218 | D:11     | Noticed a green ugly thing
  7222 | D:11     | Killed a green ugly thing
  7262 | D:11     | Found a shadowy altar of Dithmenos.
  7364 | D:11     | Noticed a manticore
  7375 | D:11     | Killed a manticore
  7375 | D:11     | Reached skill level 10 in Armour
  7382 | D:11     | Noticed a seven-headed hydra
  7492 | Orc:1    | Entered Level 1 of the Orcish Mines
  7610 | Orc:1    | Reached XP level 11. HP: 99/99 MP: 4/4
  7612 | Orc:1    | Reached skill level 10 in Shields
  7749 | Orc:1    | Noticed an orc knight
  7749 | Orc:1    | Noticed an orc sorcerer
  7750 | Orc:1    | Noticed an orc sorcerer
  7756 | Orc:1    | Killed an orc sorcerer
  7760 | Orc:1    | Killed an orc sorcerer
  7760 | Orc:1    | Reached skill level 10 in Fighting
  7761 | Orc:1    | Killed an orc knight
  7761 | Orc:1    | Acquired Okawaru's second power
  7857 | Orc:2    | Found Pnuskih's Armour Boutique.
  7970 | Orc:2    | Found a bloodstained altar of Trog.
  7986 | Orc:2    | Noticed an ice devil
  7987 | Orc:2    | Gained mutation: Armour fits poorly on your strangely shaped body. [a neqoxec]
  8644 | Orc:3    | Noticed Psyche
  8686 | Orc:3    | Killed Psyche
  8928 | Orc:3    | Found Mikeze's Weapon Shop.
  9057 | Orc:3    | Received a gift from Okawaru
  9232 | Orc:4    | Entered Level 4 of the Orcish Mines
  9232 | Orc:4    | Noticed Maurice
  9254 | Orc:4    | Killed Maurice
  9267 | Orc:4    | Found a staircase to the Elven Halls.
  9337 | Orc:4    | Noticed Harold
  9359 | Orc:4    | Killed Harold
  9359 | Orc:4    | Reached skill level 10 in Axes
  9430 | Orc:4    | Found a frozen archway.
  9443 | Orc:4    | Noticed a hill giant
  9464 | Orc:4    | Noticed an ogre mage
  9471 | Orc:4    | Reached skill level 11 in Armour
  9819 | Orc:4    | Killed a hill giant
  9822 | Orc:4    | Killed an ogre mage
  9822 | Orc:4    | Reached XP level 12. HP: 97/110 MP: 2/5
  9849 | IceCv    | Entered an ice cave
  9922 | IceCv    | Reached skill level 10 in Dodging
 10011 | IceCv    | Found an ancient bone altar of Kikubaaqudgha.
 10195 | IceCv    | Noticed MDvedh's ghost (powerful MiAs)
 10220 | IceCv    | Killed MDvedh's ghost
 10464 | Orc:4    | Paralysed by an orc sorcerer for 5 turns
 10471 | Orc:4    | Received a gift from Okawaru
 10517 | Orc:4    | Found Deyqyof's Gadget Shop.
 10518 | Orc:4    | Found Treczoa's Assorted Antiques.
 10559 | Orc:4    | Noticed a deep troll
 10566 | Orc:4    | Killed a deep troll
 10566 | Orc:4    | Reached skill level 12 in Shields
 10567 | Orc:4    | Noticed a deep troll
 10573 | Orc:4    | Killed a deep troll
 10586 | Orc:4    | Found Usmu's Gadget Shoppe.
 10588 | Orc:4    | Noticed an ogre mage
 10684 | Orc:4    | Found Klaow's Gadget Boutique.
 10688 | Orc:4    | Noticed a hill giant
 10697 | Orc:4    | Killed an ogre mage
 10698 | Orc:4    | Killed a hill giant
 11368 | D:10     | Noticed Urug
 11376 | D:10     | Killed Urug
 11960 | D:11     | Reached XP level 13. HP: 112/118 MP: 5/5
 12014 | D:11     | Killed a ten-headed hydra
 12032 | D:11     | Noticed a hill giant
 12039 | D:11     | Killed a hill giant
 12448 | D:12     | Noticed Sonja
 13102 | D:12     | Cast into the Abyss (Sonja)
 13146 | Abyss:1  | Found a basalt altar of Yredelemnul.
 13159 | D:12     | Escaped the Abyss
 13640 | D:12     | Killed Sonja
 13735 | D:13     | Noticed a hill giant
 13741 | D:13     | Killed a hill giant
 13768 | D:13     | Noticed Erica
 13775 | D:13     | Killed Erica
 13850 | D:13     | Reached skill level 13 in Shields
 13877 | D:13     | Found Cliugh's Gadget Boutique.
 13918 | D:13     | Found Klaokkiarch's Jewellery Boutique.
 13921 | D:13     | Bought the ring "Unyps" {+Inv rElec MR+ Str+4 Int-3 Stlth+} for 601 gold pieces
 14059 | D:13     | Found Moiti's Magic Scroll Shop.
 14067 | D:13     | Bought a scroll of identify for 30 gold pieces
 14067 | D:13     | Bought a scroll of remove curse for 45 gold pieces
 14067 | D:13     | Bought a scroll of blinking for 112 gold pieces
 14067 | D:13     | Bought a scroll of identify for 30 gold pieces
 14073 | D:13     | Found a portal to a secret trove of treasure.
 14565 | D:13     | Found a gate to the Vaults.
 14580 | D:13     | Received a gift from Okawaru
 14583 | D:13     | Got a scorched war axe {god gift}
 14585 | D:13     | Identified the +4 war axe "Leviticus" {venom, -Cast rElec rN+ MP+9 Int+6} (Okawaru gifted it to you on level 13 of the Dungeon)
 14607 | D:13     | Found Ziorup's Magic Scroll Emporium.
 14610 | D:13     | Bought a scroll of identify for 34 gold pieces
 14610 | D:13     | Bought a scroll of remove curse for 51 gold pieces
 14610 | D:13     | Bought a scroll of enchant armour for 127 gold pieces
 14868 | D:14     | Noticed Frances
 14879 | D:14     | Killed Frances
 15285 | D:14     | Reached XP level 14. HP: 129/129 MP: 5/5
 15293 | D:14     | Noticed Rupert
 15300 | D:14     | Killed Rupert
 15581 | D:14     | Got a crude halberd
 16226 | D:15     | Entered Level 15 of the Dungeon
 16235 | D:15     | Noticed Fannar
 16243 | D:15     | Killed Fannar
 16300 | D:15     | Received a gift from Okawaru
 16711 | D:15     | Found a staircase to the Depths.
 16858 | D:15     | Reached skill level 14 in Armour
 16963 | D:15     | Noticed Maud
 16974 | D:15     | Killed Maud
 17680 | Lair:1   | Entered Level 1 of the Lair of Beasts
 17826 | Lair:1   | Got a polished ring mail
 17837 | Lair:1   | Identified the +1 ring mail of Whack-A-Mole {rF+ Int+3} (You found it on level 1 of the Lair of Beasts)
 19139 | Lair:2   | Noticed Nergalle
 19151 | Lair:2   | Killed Nergalle
 19428 | Lair:3   | Found a dark tunnel.
 19432 | Lair:3   | Got a shimmering long sword
 19442 | Lair:3   | Identified a scroll of acquirement
 19464 | Volcano  | Entered a volcano
 19732 | Volcano  | Found a bloodstained altar of Trog.
 19953 | Volcano  | Reached XP level 15. HP: 139/139 MP: 6/6
 20021 | Lair:3   | Identified the +7 long sword of the Shark {vamp, Str+5} (You found it on level 3 of the Lair of Beasts)
 20161 | Lair:3   | Received a gift from Okawaru
 20161 | Lair:3   | Reached skill level 1 in Long Blades
 20167 | Lair:3   | Got a pitted trident {god gift}
 20250 | Lair:3   | Noticed Gastronok
 20257 | Lair:3   | Killed Gastronok
 20316 | Lair:3   | Noticed Virusyak's ghost (powerful TrMo)
 20328 | Lair:3   | Killed Virusyak's ghost
 21335 | Lair:4   | Found a staircase to the Shoals.
 21460 | Lair:4   | Reached skill level 5 in Long Blades
 23366 | Lair:6   | Found a hole to the Spider Nest.
 23991 | Lair:7   | Received a gift from Okawaru
 24027 | Lair:7   | Identified the +3 halberd "Erchybb" {drain, rC+ Dex+2} (You found it on level 14 of the Dungeon)
 24032 | Lair:7   | Identified the +9 trident of Earthquakes {vamp, Dex+6} (Okawaru gifted it to you on level 3 of the Lair of Beasts)
 24584 | Lair:8   | Entered Level 8 of the Lair of Beasts
 24828 | Lair:8   | Reached skill level 10 in Long Blades
 25487 | Lair:8   | Received a gift from Okawaru
 25490 | Lair:8   | Got an encrusted hat {god gift}
 25509 | Lair:8   | Identified the +1 hat of Pride {Int+2} (Okawaru gifted it to you on level 8 of the Lair of Beasts)
 25571 | Lair:8   | Got a vibrating lapis lazuli ring
 25881 | Lair:7   | Identified the ring "Nyretuez" {SustAb rC- Str+6 Int+5 Stlth+} (You found it on level 8 of the Lair of Beasts)
 25889 | Lair:7   | Upgraded the game from 0.16.0 to 0.16.0-6-gad6103a
 26735 | Shoals:1 | Entered Level 1 of the Shoals
 27068 | Shoals:1 | Got a pair of brightly glowing boots
 27087 | Shoals:1 | Identified the +0 pair of boots of Fedhas' Envy {+Inv rElec rF- MP+9} (You found it on level 1 of the Shoals)
 27200 | Shoals:1 | Reached XP level 16. HP: 135/147 MP: 6/6
 27580 | Shoals:2 | Found Uppullemo's Armour Boutique.
 28305 | Shoals:3 | Reached skill level 15 in Shields
 28455 | Shoals:3 | Received a gift from Okawaru
 28558 | Shoals:3 | Noticed Polyphemus
 28578 | Shoals:3 | HP: 1/147 [Polyphemus (8)]
 28579 | Shoals:3 | Slain by a catoblepas

Action                   |  1- 3 |  4- 6 |  7- 9 | 10-12 | 13-15 | 16-18 || total
-------------------------+-------+-------+-------+-------+-------+-------++-------
Melee: War axe           |    78 |    85 |   246 |   551 |   443 |       ||  1403
       Unarmed           |       |       |       |     7 |       |       ||     7
       Broad axe         |       |       |       |       |    91 |       ||    91
       Long sword        |       |       |       |       |   626 |   168 ||   794
Invok: Heroism           |       |       |     1 |    11 |    28 |     2 ||    42
 Abil: Evoke Flight      |       |       |       |     2 |     1 |     6 ||     9
  Use: Potion            |       |     1 |       |     2 |     8 |     3 ||    14
       Scroll            |       |       |    10 |     6 |    33 |     1 ||    50
 Stab: Paralysed         |       |       |     1 |       |       |       ||     1
       Sleeping          |       |       |       |       |     1 |       ||     1
  Eat: Chunk             |       |     4 |     1 |    12 |    23 |     2 ||    42
       Meat ration       |       |       |     2 |     1 |     4 |     1 ||     8
       Pizza             |       |       |     1 |       |     3 |     1 ||     5
       Royal jelly       |       |       |       |     1 |     6 |       ||     7
       Fruit             |       |       |       |     1 |     5 |       ||     6
       Beef jerky        |       |       |       |       |     1 |       ||     1
